 Dungeon Crawl Stone Soup version 0.19-a0-1675-gc11f27c (webtiles) character file.

1914 TheGoonsmith the Slicer (level 9, -5/47 HPs)
             Began as a Vine Stalker Assassin on Sept 23, 2016.
             Slain by a crocodile (14 damage)
             ... on level 8 of the Dungeon.
             The game lasted 00:18:55 (7097 turns).

TheGoonsmith the Slicer (Vine Stalker Assassin)     Turns: 7097, Time: 00:18:55

Health: -5/47      AC:  4    Str: 19    XL:     9   Next: 16%
Magic:  0/19       EV: 15    Int: 11    God:
Gold:   494        SH:  0    Dex: 19    Spells: 0 memorised, 8 levels left

rFire  . . .     SeeInvis .     a - +3 dagger
rCold  . . .     Gourm    .     c - +0 robe
rNeg   . . .     Faith    .     (no shield)
rPois  .         Spirit   +     u - +0 helmet
rElec  .         Dismiss  .     d - +0 cloak
rCorr  .         Reflect  .     (no gloves)
MR     +....     Harm     .     (no boots)
Stlth  ++++......               (no amulet)
                                p - ring of magical power
                                y - ring of stealth

@: mighty
A: fangs 3, regeneration 1, magic shield, antimagic bite, no device heal 3, rot
immunity
a: no special abilities


You were on level 8 of the Dungeon.
You were hungry.

You visited 2 branches of the dungeon, and saw 9 of its levels.
You also visited: Sewer.

You collected 494 gold pieces.

Inventory:

Hand Weapons
 a - a +3 dagger (weapon)
 b - a +0 blowgun
Missiles
 e - 37 poisoned needles
 f - 7 curare-tipped needles
 q - 15 tomahawks (quivered)
 E - a throwing net
Armour
 c - a +0 robe (worn)
 d - a +0 cloak (worn)
 s - a +0 ring mail
 u - a +0 helmet (worn)
 P - the +7 plate armour of Depression {MR++}
   (You found it on level 8 of the Dungeon)

   It affects your resistance to hostile enchantments.
Jewellery
 p - a ring of magical power (right hand)
 y - a ring of stealth (left hand)
 F - an uncursed ring of flight
 G - an uncursed ring of wizardry
 O - an uncursed ring of poison resistance {unknown}
Wands
 C - a wand of slowing (45/48)
 I - a wand of polymorph (17/24)
 J - a wand of slowing (33/48)
Scrolls
 m - 3 scrolls of remove curse
 r - a scroll of identify
 x - 4 scrolls of fear
 H - a scroll of blinking
 M - a scroll of summoning
Potions
 h - 2 potions of haste {unknown}
 i - 5 potions of curing
 j - 2 potions of agility
 l - 3 potions of lignification {unknown}
 n - a potion of berserk rage {unknown}
 o - a potion of magic {unknown}
 v - 2 potions of degeneration {unknown}
 w - 4 potions of might
 z - a potion of heal wounds {unknown}
 A - a potion of resistance {unknown}
 D - a potion of flight {unknown}
 N - a potion of mutation {unknown}
Books
 L - a book of Callings

   Spells                             Type                      Level
   a - Summon Small Mammal            Summoning                    1
   b - Call Imp                       Summoning                    2
   c - Call Canine Familiar           Summoning                    3
   d - Summon Guardian Golem          Hexes/Summoning              3
   e - Summon Lightning Spire         Summoning/Air                4
   f - Summon Ice Beast               Ice/Summoning                4
Comestibles
 g - 7 bread rations
 k - 4 meat rations
 t - 7 fruits
 B - 3 slices of pizza
 K - 2 beef jerkies


   Skills:
 - Level 5.3 Fighting
 - Level 8.0 Short Blades
 - Level 1.7 Throwing
 * Level 4.1 Dodging
 + Level 5.7 Stealth


You had 8 spell levels left.
You didn't know any spells.

Dungeon Overview and Level Annotations

Branches:
Dungeon (8/15)             Temple (1/1) D:7
   Lair: D:8-11

Altars:
Ashenzari
Cheibriados
Dithmenos
Fedhas
Gozag
Hepliaklqana
Kikubaaqudgha
Makhleb
Nemelex Xobeh
Okawaru
Qazlal
Ru
Sif Muna
Trog
Vehumet
Xom
Yredelemnul
Zin
The Shining One

Shops:
D:8 :

Annotations:
D:3 tijit's ghost, amateur TeVM


Innate Abilities, Weirdness & Mutations

You have razor-sharp teeth.
Your natural rate of healing is unusually fast.
When hurt, damage is shared between your health and your magic reserves.
Your bite disrupts and absorbs the magic of your enemies.
Potions and wands cannot restore your health.
You are immune to rotting.


Message History

The crocodile is heavily wounded.
The crocodile bites you!
* * * LOW HITPOINT WARNING * * *
You are too injured to fight recklessly!
You barely miss the crocodile. Your bite misses the crocodile.
The crocodile is heavily wounded.
The crocodile barely misses you.
You hit the crocodile.
You bite the crocodile, but do no damage.
The crocodile is severely wounded.
You hit the crocodile. Your bite misses the crocodile.
The crocodile is severely wounded.
The crocodile bites you!
* * * LOW HITPOINT WARNING * * *
You hit the crocodile.
The crocodile is severely wounded.
Okay, then.
You feel very mighty all of a sudden. The crocodile bites you!!
You die...

........# #...#........##
...$....# #....#####.....
....."..########.#### #...##.
.................#######..##..
........#######...........#._.
...........# #.#######...##..
..####.###.# #.# #....##. #.
#.####.#######.#..... #.
#..t@...........#..## #.
#..###.#####.###.#### ## #..#
#.#####.###..... #...
.............##.
#..#..########.#..##.
#..##.#........#..##.
#.)##.#.########..##. #...
#........#.###. #...
########.#..##.


You could see a crocodile.

Vanquished Creatures
  Purgy (Sewer)
  A sky beast (D:6)
  2 orc warriors (D:6)
  A phantom (D:7)
  An ogre (D:6)
  A big kobold (D:5)
  3 scorpions
  A howler monkey (D:4)
  A crimson imp (D:8)
  5 hounds
  A gnoll shaman (D:7)
  3 orc priests
  A bullfrog skeleton (D:5)
  An iguana (D:7)
  Natasha (twice) (D:2)
  4 orc wizards
  6 worker ants
  2 hound zombies (D:5)
  3 hound skeletons
  A worker ant zombie (D:5)
  Robin (D:1)
  9 gnolls
  9 adders
  2 oozes
  An adder zombie (D:7)
  4 worms
  8 leopard geckos
  28 orcs
  4 giant cockroaches
  22 goblins
  18 hobgoblins
  5 jackals
  3 quokkas
  2 ball pythons
  8 bats
  3 frilled lizards
  15 kobolds
  2 leopard gecko zombies
  2 quokka skeletons
  A quokka zombie (D:7)
  6 rats
194 creatures vanquished.

Notes
Turn   | Place    | Note
-------+----------+-------------------------------------------
     0 | D:1      | TheGoonsmith the Vine Stalker Assassin began the quest for the Orb.
     0 | D:1      | Reached XP level 1. HP: 11/11 MP: 2/2
   180 | D:1      | Reached skill level 2 in Short Blades
   368 | D:1      | Reached XP level 2. HP: 13/15 MP: 3/3
   793 | D:1      | Reached XP level 3. HP: 18/18 MP: 4/4
  1434 | D:2      | Noticed Robin
  1444 | D:2      | Reached skill level 3 in Short Blades
  1754 | D:1      | Killed Robin
  1754 | D:1      | Gained mutation: Your natural rate of healing is unusually fast. [Vine Stalker growth]
  1754 | D:1      | Reached XP level 4. HP: 4/23 MP: 4/5
  1935 | D:2      | Found a deep blue altar of Sif Muna.
  2002 | D:2      | Noticed Natasha
  2014 | D:2      | Killed Natasha
  2016 | D:2      | Noticed Natasha
  2027 | D:2      | HP: 1/23 [Natasha (6)]
  2134 | D:2      | Killed Natasha
  2134 | D:2      | Reached skill level 4 in Short Blades
  2134 | D:2      | Reached XP level 5. HP: 12/28 MP: 6/6
  2539 | D:3      | Found an iron altar of Okawaru.
  2810 | D:3      | Noticed tijit's ghost (amateur TeVM)
  3020 | D:4      | Reached XP level 6. HP: 28/32 MP: 7/7
  3030 | D:4      | Reached skill level 1 in Dodging
  3113 | D:4      | Found a glowing drain.
  3123 | Sewer    | Entered a sewer
  3137 | Sewer    | Noticed Purgy
  3141 | Sewer    | Killed Purgy
  3312 | D:4      | Reached XP level 7. HP: 36/36 MP: 8/8
  3313 | D:4      | Found a snail-covered altar of Cheibriados.
  3417 | D:4      | Reached skill level 5 in Short Blades
  3735 | D:5      | Entered Level 5 of the Dungeon
  3850 | D:5      | Found a stormy altar of Qazlal.
  4836 | D:5      | Reached skill level 6 in Short Blades
  4920 | D:5      | Gained mutation: You have razor-sharp teeth. [Vine Stalker growth]
  4920 | D:5      | Reached XP level 8. HP: 18/42 MP: 9/9
  5311 | D:6      | Found a burning altar of Makhleb.
  5314 | D:6      | Found a hazy altar of Hepliaklqana.
  5317 | D:6      | Found a basalt altar of Yredelemnul.
  5321 | D:6      | Found a shimmering altar of Xom.
  5374 | D:6      | Found a blossoming altar of Fedhas.
  5489 | D:6      | Reached skill level 7 in Short Blades
  5740 | D:6      | Reached skill level 5 in Fighting
  6351 | D:6      | Reached skill level 8 in Short Blades
  6351 | D:6      | Reached skill level 5 in Stealth
  6394 | D:7      | Found a staircase to the Ecumenical Temple.
  6403 | Temple   | Entered the Ecumenical Temple
  6504 | D:7      | Reached XP level 9. HP: 47/47 MP: 10/10
  6916 | D:8      | Found a shadowy altar of Dithmenos.
  7017 | D:8      | Got a fine plate armour
  7018 | D:8      | Identified the +7 plate armour of Depression {MR++} (You found it on level 8 of the Dungeon)
  7073 | D:8      | Found Jegruhy's Book Shoppe.
  7097 | D:8      | Slain by a crocodile

Vault maps used:
D:1:      wheals_arrival_shading
D:2:      led_sif_pool, uniq_natasha, uniq_robin
D:3:      overflow_temple_1_default, first_bread
D:4:      cheibriados_altar_1, portal_sewer_entry_d, grunt_tough_drop
D:5:      corexii_shantytown, lemuel_round_altar, serial_corexii_hall,
          corexii_hall_statues_i, corexii_hall_statues_i
D:6:      grunt_temple_overflow_open, nrook_uturn
D:8:      nicolae_dithmenos_through_a_glass_darkly, erik_lair_orcish_takeover,
          serial_shops, shop, the_bakery, minivault_27, moated_statue,
          guppyfry_early_elven_hall
Temple:   kb_temple_of_zot
Sewer:    kennysheep_door_sewer

Skill      XL: |  1  2  3  4  5  6  7  8  9 |
---------------+----------------------------+-----
Short Blades   | 2 3 4 6 8 |  8.0
Fighting       | 2 3 4 5 |  5.3
Dodging        | 3 4 |  4.1
Stealth        | 5 |  5.7
Throwing       | |  1.7

Action                   |  1- 3 |  4- 6 |  7- 9 || total
-------------------------+-------+-------+-------++-------
Melee: Dagger            |   104 |   150 |   464 ||   718
       Bite              |    26 |    42 |   178 ||   246
 Fire: Blowgun           |     1 |     6 |    16 ||    23
Throw: Tomahawk          |       |     5 |       ||     5
  Use: Scroll            |       |     6 |    12 ||    18
       Potion            |       |       |     2 ||     2
 Stab: Sleeping          |     6 |    12 |    30 ||    48
       Distracted        |     1 |     2 |     2 ||     5
  Eat: Chunk             |     2 |     6 |     7 ||    15
       Bread ration      |       |       |     1 ||     1
Armor: Robe              |    25 |    30 |    47 ||   102
Dodge: Dodged            |    53 |    54 |   190 ||   297
